 Dungeon Crawl Stone Soup version 0.29.1 (webtiles) character file.

Game seed: 14189134650078201521

1621 Mahakala the Slasher (level 8, 0/42 HPs)
             Began as a Vine Stalker Brigand on Sept 12, 2022.
             Was a Follower of Uskayaw.
             Slain by a gnoll
             ... wielding a +0 spear
             ... led by a gnoll sergeant
              (3 damage)
             ... on level 6 of the Dungeon.
             The game lasted 00:18:58 (4809 turns).

Mahakala the Slasher (Vine Stalker Brigand)         Turns: 4809, Time: 00:18:58

Health: 0/42       AC:  9    Str: 13    XL:     8   Next: 96%
Magic:  0/20       EV: 12    Int: 11    God:    Uskayaw [*.....]
Gold:   217        SH:  0    Dex: 19    Spells: 7/7 levels left

rFire   . . .      SeeInvis .   b - +0 long sword
rCold   . . .      Faith    .   (no shield)
rNeg    . . .      Spirit   +   v - +0 ring mail
rPois   .          Reflect  .   u - +2 helmet
rElec   .          Harm     .   c - +0 cloak
rCorr   .          Rampage  .   (no gloves)
Will    ++...                   (no boots)
Stlth   ++........              (no amulet)
HPRegen 0.94/turn               j - ring of willpower
MPRegen 0.17/turn               m - ring of magical power

@: no status effects
A: fangs 3, regeneration 1, magic shield, antimagic bite, no potion heal 2
a: Renounce Religion, Stomp


You were on level 6 of the Dungeon.
You worshipped Uskayaw.
Uskayaw was noncommittal.
You visited 2 branches of the dungeon, and saw 7 of its levels.

You collected 217 gold pieces.

Inventory:

Hand Weapons
 a - a +2 dagger
 b - a +0 long sword (weapon)
Missiles
 d - 6 poisoned darts (quivered)
 e - 2 curare-tipped darts {!f}
Armour
 c - a +0 cloak (worn)
 l - a +0 robe
 u - a +2 helmet (worn)
 v - a +0 ring mail (worn)
Jewellery
 j - a ring of willpower (left hand)
 m - a ring of magical power (right hand)
 y - a ring of fire
Wands
 t - a wand of flame (20)
 F - a wand of mindburst (12)
Scrolls
 f - 3 scrolls of teleportation {@r4}
 g - 2 scrolls of poison {unknown}
 i - a scroll of blinking {unknown}
 k - 2 scrolls of enchant weapon {unknown}
 o - a scroll of immolation {unknown}
 p - 3 scrolls of acquirement {unknown}
 x - a scroll of silence {unknown}
 B - a scroll of amnesia {unknown}
 E - a scroll of noise {unknown}
Potions
 h - 2 potions of curing {@q1}
 n - 2 potions of ambrosia {unknown}
 q - a potion of attraction {unknown}
 r - a potion of flight {unknown}
 s - a potion of mutation {unknown}
 w - a potion of lignification {unknown}
 z - a potion of invisibility {unknown}
 A - a potion of brilliance {unknown}
 C - 2 potions of might
 D - a potion of degeneration {unknown}


   Skills:
 + Level 4.1 Fighting
 - Level 3.0(5.4) Short Blades
 * Level 7.1(7.4) Long Blades
 - Level 3.0 Throwing
 - Level 1.0 Armour
 - Level 3.0 Dodging
 - Level 4.8 Stealth
 + Level 2.8 Invocations


You had 7 spell levels left.
You didn't know any spells.
Your spell library contained the following spells:

 Spells                   Type           Power      Damage    Failure   Level
 Magic Dart               Conj           0%         1d3       58%         1
 Necrotise                Necr           0%         1d4       58%         1
 Poisonous Vapours        Pois/Air       0%         N/A       75%         2
 Searing Ray              Conj           0%         2d4       75%         2
 Ozocubu's Armour         Ice            0%         N/A       92%         3
 Vampiric Draining        Necr           0%         2d6       92%         3
 Corpse Rot               Necr/Pois/Air  0%         N/A       100%        4
 Fulminant Prism          Conj/Hex       0%         3d6       100%        4
 Agony                    Necr           0%         N/A       100%        5
 Metabolic Englaciation   Hex/Ice        0%         N/A       100%        5
 Simulacrum               Ice/Necr       0%         N/A       100%        6


Dungeon Overview and Level Annotations

Branches:
Dungeon (6/15)             Temple (1/1) D:4

Altars:
Cheibriados
Dithmenos
Elyvilon
Fedhas
Hepliaklqana
Kikubaaqudgha
Makhleb
Nemelex Xobeh
Okawaru
Qazlal
Sif Muna
Trog
Uskayaw
Vehumet
Wu Jian
Xom
Yredelemnul
Zin
The Shining One

Annotations:
D:3 3 runed translucent doors, Grinder; flotson's ghost, amateur DsDe


Innate Abilities, Weirdness & Mutations

You have razor-sharp teeth.
Your natural rate of healing is unusually fast.
When hurt, damage is shared between your health and your magic reserves.
Your bite disrupts and absorbs the magic of your enemies.
Potions cannot restore your health.


Message History

The gnoll barely misses you.
You stomp with the beat, sending a shockwave through the revellers around you!
The gnoll sergeant is heavily wounded.
You kill the gnoll!
The gnoll sergeant hits you with a +0 trident.
The gnoll hits you but does no damage. The gnoll sergeant blocks your attack.
You bite the gnoll sergeant. You drain its power.
You feel invigorated.
The gnoll sergeant is severely wounded.
The scorpion stings you but does no damage.
The gnoll hits you but does no damage.
The gnoll sergeant hits you with a +0 trident!
* * * LOW HITPOINT WARNING * * *
You stomp with the beat, sending a shockwave through the revellers around you!
The gnoll sergeant is almost dead.
The scorpion is severely wounded.
You can no longer stomp with the beat.
The scorpion stings you but does no damage.
The scorpion stings you.
* * * LOW HITPOINT WARNING * * *
The gnoll sergeant hits you with a +0 trident.
The gnoll hits you from afar with a +0 spear.
* * * LOW HITPOINT WARNING * * *
You can now stomp with the beat.
The gnoll sergeant blocks your attack.
You bite the gnoll sergeant. You drain its power.
You feel invigorated.
The gnoll sergeant is almost dead.
The scorpion stings you.
* * * LOW HITPOINT WARNING * * *
The gnoll sergeant hits you with a +0 trident!
* * * LOW HITPOINT WARNING * * *
The gnoll misses you. The gnoll sergeant blocks your attack.
You bite the gnoll sergeant, but do no damage.
The gnoll sergeant is almost dead.
The scorpion closely misses you.
The gnoll sergeant hits you with a +0 trident.
* * * LOW HITPOINT WARNING * * *
The gnoll hits you from afar with a +0 spear.
You die...

..#.# #.#.# #
###.#.# . #.###.
......##### #.
.....#######.(.....
.. #......g..l).###
.# #..<.[.<##gg)..#
.#
#...###.##s###.###
.# #. #/..g..# .#g@#
#...##.##..#.
###....#
.#..###.#))........
..g..##
#........#.<).###.#.
#(g#..
#####......)....#
.g.....
#..###....#.#
.g.l... .....#
##...#.# ####.#
#...# # .# #...# .#
#...#


You could see a gnoll sergeant, a scorpion, an iguana and 2 gnolls.

Vanquished Creatures
  Pikel (D:4)
  Prince Ribbit (D:6)
  Sigmund (D:3)
  An ogre (D:5)
  2 necrophages (D:5)
  A gnoll sergeant (D:6)
  3 hounds
  A jelly (D:5)
  An orc priest (D:5)
  Jessica (D:3)
  An iguana (D:4)
  4 orc wizards
  Robin (D:3)
  5 gnolls (D:6)
  7 adders
  An ufetubus (D:6)
  2 worms
  3 dart slugs
  29 orcs
  5 bats
  5 endoplasms
  2 giant cockroaches
  11 goblins
  9 hobgoblins
  6 jackals
  A quokka (D:4)
  7 ball pythons
  A ball python zombie (D:3)
  2 frilled lizards
  A giant cockroach zombie (D:3)
  3 kobolds
  3 rats (D:1)
122 creatures vanquished.

Notes
Turn   | Place    | Note
-------+----------+-------------------------------------------
     0 | D:1      | Mahakala the Vine Stalker Brigand began the quest for the
                  | Orb.
     0 | D:1      | Reached XP level 1. HP: 11/11 MP: 2/2
   294 | D:1      | Reached skill level 1 in Dodging
   294 | D:1      | Reached XP level 2. HP: 15/15 MP: 3/3
  1120 | D:2      | Reached XP level 3. HP: 18/18 MP: 4/4
  1516 | D:2      | Gained mutation: Your natural rate of healing is unusually
                  | fast. [Vine Stalker growth]
  1516 | D:2      | Reached XP level 4. HP: 23/23 MP: 5/5
  1854 | D:3      | Noticed Robin
  2021 | D:3      | Killed Robin
  2119 | D:3      | Noticed Jessica
  2126 | D:3      | Killed Jessica
  2127 | D:3      | Reached skill level 1 in Long Blades
  2127 | D:3      | Reached XP level 5. HP: 27/27 MP: 6/6
  2181 | D:3      | Noticed Grinder
  2216 | D:3      | Found a runed translucent gate.
  2216 | D:3      | Found a runed translucent gate.
  2216 | D:3      | Found a runed translucent gate.
  2216 | D:3      | Noticed flotson's ghost (amateur DsDe)
  2219 | D:3      | Found a basalt altar of Yredelemnul.
  2235 | D:3      | Noticed Sigmund
  2239 | D:3      | Killed Sigmund
  2240 | D:3      | Reached skill level 2 in Long Blades
  2240 | D:3      | Reached XP level 6. HP: 32/32 MP: 7/7
  2844 | D:4      | Noticed Pikel
  2879 | D:4      | Killed Pikel
  2880 | D:4      | Reached skill level 4 in Long Blades
  2880 | D:4      | Reached skill level 1 in Armour
  2880 | D:4      | Reached XP level 7. HP: 13/36 MP: 6/8
  3011 | D:4      | Reached skill level 5 in Long Blades
  3111 | D:4      | Found a staircase to the Ecumenical Temple.
  3117 | Temple   | Entered the Ecumenical Temple
  3294 | Temple   | Became a worshipper of Uskayaw the Reveller
  3589 | D:4      | Reached * piety under Uskayaw
  3621 | D:4      | Reached ** piety under Uskayaw
  3633 | D:4      | Reached *** piety under Uskayaw
  3875 | D:5      | Entered Level 5 of the Dungeon
  3883 | D:4      | Gained mutation: You have razor-sharp teeth. [Vine Stalker
                  | growth]
  3883 | D:4      | Reached XP level 8. HP: 40/40 MP: 9/9
  3946 | D:5      | Reached **** piety under Uskayaw
  3987 | D:5      | Found a stormy altar of Qazlal.
  4054 | D:5      | Reached skill level 6 in Long Blades
  4054 | D:5      | Reached skill level 1 in Invocations
  4592 | D:6      | Noticed Prince Ribbit
  4603 | D:6      | Killed Prince Ribbit
  4781 | D:6      | Reached skill level 7 in Long Blades
  4809 | D:6      | Slain by a gnoll

Illustrated notes

Levels and vault maps discovered:
D:1:      matt_arrival_los_fun, layout_basic
D:2:      layout_loops_ring
D:3:      layout_basic, nicolae_yredelemnul_ghost_church, uniq_sigmund,
          uniq_grinder, uniq_robin, uniq_jessica
D:4:      layout_basic, minmay_temple_entry_hall, chequers_mini_garden,
          uniq_pikel
D:5:      layout_gridville, mainiacjoe_overflow_alcove_4
D:6:      layout_loops_ring, amethyst_overflow_temple_binary,
          hangedman_decor_growths, uniq_blork_the_orc, uniq_duvessa,
          uniq_prince_ribbit1
Temple:   minmay_crystal_spiral_temple

Skill      XL: |  1  2  3  4  5  6  7  8 |
---------------+-------------------------+-----
Short Blades   | 2 3 |  3.0
Dodging        | 1 2 3 |  3.0
Fighting       | 2 3 4 |  4.1
Long Blades    | 1 2 4 5 7 |  7.1
Throwing       | 3 |  3.0
Armour         | 1 |  1.0
Invocations    | 2 |  2.8
Stealth        | |  4.8

Action                   |  1- 3 |  4- 6 |  7- 9 || total
-------------------------+-------+-------+-------++-------
Melee: Dagger            |    46 |    18 |       ||    64
       Bite              |     8 |    24 |    60 ||    92
       Long sword        |       |    56 |   185 ||   241
       Punch             |       |       |     2 ||     2
Throw: Dart              |     6 |    13 |     5 ||    24
Invok: Stomp             |       |       |     5 ||     5
  Use: Scroll            |       |       |     4 ||     4
 Stab: Sleeping          |    16 |     7 |     3 ||    26
       Paralysed         |       |       |     7 ||     7
Armor: Robe              |     9 |     8 |       ||    17
       Ring mail         |       |     2 |    64 ||    66
Dodge: Dodged            |    11 |    28 |   130 ||   169
